 Dungeon Crawl Stone Soup version 0.26.1-11-gd32895ea62 (webtiles) character file.

Game seed: 12020346396807688619

10899 Almogavar the Geomancer (level 11, -5/62 HPs)
             Began as a Gargoyle Earth Elementalist on June 5, 2021.
             Was a Priest of Nemelex Xobeh.
             Slain by an ogre
             ... wielding a +0 giant club
              (17 damage)
             ... on level 2 of the Orcish Mines on June 7, 2021.
             The game lasted 01:14:12 (18176 turns).

Almogavar the Geomancer (GrEE)                     Turns: 18176, Time: 01:14:13

Health: -5/62      AC: 15    Str: 19    XL:     11   Next: 69%
Magic:  21/24      EV: 14    Int: 18    God:    Nemelex Xobeh [***...]
Gold:   1056       SH:  0    Dex: 10    Spells: 25/29 levels left

rFire    . . .     SeeInvis +   c - +0 morningstar (flame)
rCold    . . .     Faith    .   (no shield)
rNeg     + + .     Spirit   .   j - +1 robe {rN+}
rPois    ∞         Reflect  .   d - +2 hat
rElec    +         Harm     .   K - +0 cloak
rCorr    .         Rampage  .   w - +0 pair of gloves
Will     .....                  (no boots)
Stlth    ++........             N - amulet of regeneration
HPRegen  0.60/turn              H - ring of see invisible
MPRegen  0.19/turn              C - +6 ring of strength

@: no status effects
A: negative energy resistance 1, electricity resistance, unbreathing,
petrification resistance, miasma immunity, AC +8
a: Renounce Religion, Draw Escape, Draw Destruction, Draw Summoning, Triple Draw


You were on level 2 of the Orcish Mines.
You worshipped Nemelex Xobeh.
Nemelex Xobeh was most pleased with you.
You visited 3 branches of the dungeon, and saw 13 of its levels.

You collected 1056 gold pieces.

Inventory:

Hand Weapons
 c - a +0 morningstar of flaming (weapon)
 G - a +0 dire flail of draining
Missiles
 b - 43 stones
Armour
 d - a +2 hat (worn)
 g - a +2 chain mail of positive energy
 j - a +1 robe of positive energy (worn)
 p - a cursed -2 kite shield
 q - a +0 ring mail
 u - a +0 scale mail
 w - a +0 pair of gloves (worn)
 K - a +0 cloak (worn)
Jewellery
 a - an uncursed amulet of guardian spirit
 C - a +6 ring of strength (right hand)
 H - a ring of see invisible (left hand)
 J - an uncursed amulet of the acrobat
 N - an amulet of regeneration (around neck)
Wands
 y - a wand of acid (8)
 z - a wand of polymorph (19)
 A - a wand of digging (13)
 E - a wand of flame (28)
Scrolls
 h - 4 scrolls of remove curse
 i - 3 scrolls of fog
 l - 3 scrolls of teleportation
 n - a scroll of enchant weapon
 o - 2 scrolls of fear {unknown}
 x - 2 scrolls of enchant armour {unknown}
 B - 3 scrolls of magic mapping {unknown}
 D - 3 scrolls of vulnerability {unknown}
 M - a scroll of blinking {unknown}
Potions
 e - 5 potions of flight
 f - a potion of resistance
 r - 4 potions of curing {unknown}
 s - 3 potions of mutation {unknown}
 v - a potion of experience {unknown}
 F - a potion of berserk rage {unknown}
 L - a potion of ambrosia {unknown}


   Skills:
 + Level 4.7 Fighting
 + Level 5.1 Maces & Flails
 + Level 2.9 Armour
 + Level 5.1 Dodging
 + Level 4.0 Stealth
 + Level 9.6 Spellcasting
 - Level 7.8 Conjurations
 + Level 0.7 Transmutations
 + Level 10.9 Earth Magic
 + Level 0.3 Evocations


You had 25 spell levels left.
You knew the following spells:

 Your Spells              Type           Power        Failure   Level
a - Sandblast             Erth           96%          1%          1
b - Stone Arrow           Conj/Erth      84%          1%          3

Your spell library contained the following spells:

 Spells                   Type           Power        Failure   Level
 Passwall                 Tmut/Erth      24%          1%          2
 Lee's Rapid Deconstruct  Erth           24%          2%          5
 Petrify                  Tmut/Erth      29%          8%          4


Dungeon Overview and Level Annotations

Branches:
Dungeon (10/15)            Temple (1/1) D:6            Lair (0/6) D:8
    Orc (2/2) D:10
    Elf: Orc:2

Altars:
Ashenzari
Cheibriados
Dithmenos
Elyvilon
Fedhas
Gozag
Hepliaklqana
Kikubaaqudgha
Makhleb
Nemelex Xobeh
Okawaru
Qazlal
Ru
Sif Muna
Trog
Uskayaw
Vehumet
Wu Jian
Xom
Yredelemnul
Zin
The Shining One

Shops:
D:5 (


Innate Abilities, Weirdness & Mutations

You are resistant to torment.
Your stone body is resilient. (AC +8)
You are immune to poison.
You resist negative energy. (rN+)
You are resistant to electric shocks. (rElec)
You can survive without breathing.
You are immune to petrification.
You are immune to miasma.


Message History

You see here a +0 leather armour.
Casting: Stone Arrow (safe; 1% risk of failure)
Confirm with . or Enter, or press ? or * to list all spells.
Aiming: Stone Arrow (safe; 1% risk of failure)
Press: ? - help, Shift-Dir - straight line, f - ogre
Aim: an ogre, wielding a +0 giant club (11% to evade)
The stone arrow hits the ogre!
The ogre is heavily wounded.
The orc knight hits you with a +0 great mace!!
The ogre hits you with a +0 giant club!
* * * LOW HITPOINT WARNING * * *
Unknown command.
Unknown command.
As you read the scroll of fog, it crumbles to dust.
The scroll dissolves into smoke.
The ogre completely misses you. The orc knight misses you.
Items here: ))) [.
The ogre hits you with a +0 giant club!
You die...
Your body glows slightly and disappears.

#.............#
#$..........#
##..........##
#............#
#...........##
##.)..........#
#....<.[......#
##............#
##........§[@.#
#..........O§§#
#.........§§o§#
##........§§§§#
#.........§§§§#
##............#
##..#.......##
#.#.....#....#
#........<...##


You could see an orc knight and an ogre.

Vanquished Creatures
  Harold (D:8)
  An orc high priest (Orc:1)
  An orc knight (D:10)
  2 orc sorcerers (Orc:1)
  3 trolls
  A wraith (D:10)
  4 yaks
  4 humans
  4 wargs
  A swamp worm (Orc:2)
  2 water moccasins
  5 ogres
  2 ice beasts
  3 phantoms
  10 orc warriors
  4 centaurs
  A big kobold (D:10)
  6 bullfrogs
  A gnoll sergeant (D:8)
  A wyvern zombie (D:7)
  2 troll zombies (D:10)
  A scorpion (D:7)
  18 killer bees
  5 howler monkeys
  3 jellies
  A quasit (D:9)
  4 hounds
  18 orc priests
  11 orc wizards
  An iguana (D:5)
  12 worker ants
  6 ogre zombies (D:10)
  A hound skeleton (D:7)
  A hound zombie (D:8)
  3 worker ant zombies
  A howler monkey skeleton (D:4)
  7 gnolls
  12 adders
  A white imp (D:10)
  3 ufetubi
  3 oozes
  2 worms
  4 dart slugs
  5 leopard geckos
  53 orcs
  7 giant cockroaches
  6 hobgoblins
  3 jackals (D:10)
  3 quokkas
  A ball python (D:3)
  7 bats
  4 frilled lizards
  9 goblins
  2 goblin skeletons (D:10)
  3 goblin zombies (D:10)
  4 hobgoblin zombies (D:10)
  A jackal skeleton (D:7)
  14 kobolds
  2 leopard gecko skeletons
  6 orc skeletons (D:10)
  10 orc zombies (D:10)
  8 rats
325 creatures vanquished.

Vanquished Creatures (collateral kills)
  An orc warrior (Orc:2)
  An orc (Orc:2)
2 creatures vanquished.

Vanquished Creatures (others)
  A fungus (D:1)
1 creature vanquished.

Grand Total: 328 creatures vanquished

Notes
Turn   | Place    | Note
-------+----------+-------------------------------------------
     0 | D:1      | Almogavar the Gargoyle Earth Elementalist began the quest
                  | for the Orb.
     0 | D:1      | Reached XP level 1. HP: 10/10 MP: 3/3
   154 | D:1      | Reached XP level 2. HP: 14/15 MP: 1/5
   206 | D:1      | Reached skill level 4 in Earth Magic
   517 | D:1      | Reached XP level 3. HP: 14/19 MP: 6/6
  1707 | D:2      | Reached XP level 4. HP: 17/24 MP: 4/8
  1823 | D:2      | Learned a level 3 spell: Stone Arrow
  1983 | D:2      | Found a hide-covered altar of Uskayaw.
  2790 | D:3      | Reached skill level 1 in Fighting
  2790 | D:3      | Reached XP level 5. HP: 26/29 MP: 8/10
  2951 | D:3      | Reached skill level 1 in Conjurations
  3167 | D:3      | Reached XP level 6. HP: 29/34 MP: 6/11
  3180 | D:3      | Reached skill level 1 in Maces & Flails
  3969 | D:4      | Reached skill level 5 in Earth Magic
  4723 | D:5      | Entered Level 5 of the Dungeon
  4740 | D:5      | Reached XP level 7. HP: 38/38 MP: 8/13
  5338 | D:5      | Reached skill level 6 in Earth Magic
  5668 | D:5      | Found Qaixkorch's Weapon Shoppe.
  6077 | D:6      | Reached XP level 8. HP: 15/44 MP: 2/15
  6384 | D:6      | Reached skill level 5 in Spellcasting
  6655 | D:6      | Found a staircase to the Ecumenical Temple.
  7130 | D:6      | Reached skill level 7 in Earth Magic
  8249 | D:6      | Reached XP level 9. HP: 38/48 MP: 9/18
  8723 | Temple   | Entered the Ecumenical Temple
  8801 | Temple   | Became a worshipper of Nemelex Xobeh the Trickster
  8874 | D:6      | Reached skill level 5 in Conjurations
  9641 | D:7      | Reached skill level 8 in Earth Magic
 10609 | D:8      | Reached * piety under Nemelex Xobeh
 10620 | D:8      | Found a staircase to the Lair.
 10622 | D:8      | Noticed Harold
 10712 | D:8      | Killed Harold
 10713 | D:8      | Reached XP level 10. HP: 41/56 MP: 4/21
 10824 | D:8      | Found a glowing silver altar of Zin.
 11055 | D:8      | Received a gift from Nemelex Xobeh
 11221 | D:8      | Found an opulent altar of Gozag.
 11388 | D:8      | Reached skill level 9 in Earth Magic
 12301 | D:9      | Found a basalt altar of Yredelemnul.
 12640 | D:10     | Entered Level 10 of the Dungeon
 13924 | D:10     | Reached ** piety under Nemelex Xobeh
 14016 | D:10     | Found a staircase to the Orcish Mines.
 14996 | D:10     | Reached skill level 10 in Earth Magic
 14996 | D:10     | Reached XP level 11. HP: 15/60 MP: 2/23
 15913 | Orc:1    | Entered Level 1 of the Orcish Mines
 16263 | Orc:2    | Entered Level 2 of the Orcish Mines
 16263 | Orc:2    | Noticed an orc high priest
 16263 | Orc:2    | Noticed an orc sorcerer
 16590 | Orc:2    | Noticed a soul eater
 16595 | Orc:1    | Killed an orc sorcerer
 16675 | Orc:1    | Killed an orc high priest
 16676 | Orc:1    | Reached skill level 1 in Armour
 16756 | Orc:1    | Received a gift from Nemelex Xobeh
 17036 | Orc:2    | Reached skill level 5 in Dodging
 17250 | Orc:1    | Noticed an orc knight
 17251 | Orc:1    | Noticed an orc knight
 17424 | Orc:2    | an orc knight changed into a swamp worm
 17428 | Orc:2    | Reached skill level 5 in Maces & Flails
 17626 | D:10     | Killed an orc knight
 17920 | Orc:1    | Reached *** piety under Nemelex Xobeh
 17991 | Orc:1    | Noticed an orc sorcerer
 18009 | Orc:1    | Killed an orc sorcerer
 18057 | Orc:1    | Noticed an orc knight
 18176 | Orc:2    | Slain by an ogre

Illustrated notes

Levels and vault maps discovered:
D:1:      lemuel_arrival_muddy, layout_loops_cross,
          chequers_serial_rivers_room_a
D:2:      layout_basic, lemuel_doored_altar
D:3:      layout_loops_cross
D:4:      layout_basic
D:5:      layout_gridville, serial_shops, shop
D:6:      layout_basic, minmay_temple_entry_mini_moons
D:7:      layout_cave_pools, serial_co_window_serial,
          co_window_of_opportunity_a, co_window_paths_b, co_window_corner_a,
          co_window_corner_a, co_window_corner_a, co_window_corner_a,
          co_window_paths_a, co_window_broadway_a, co_window_of_opportunity_b,
          co_window_corner_b, glass_columns_a, glass_columns_b
D:8:      layout_cave_pools, pdpol_temple_overflow_zin_treasury_gozag_greed,
          lair_entry_dummy, uniq_harold
D:9:      layout_cave_pools, old_standard_altar, minmay_ruffians
D:10:     layout_gridville, zombieorc2_lemuel
Temple:   hc_temple_tempest_star
Orc:1:    layout_caves
Orc:2:    st_orc_elflike, layout_caves

Skill      XL: |  1  2  3  4  5  6  7  8  9 10 11 |
---------------+----------------------------------+-----
Earth Magic    | 4 5 6 7 8 10 | 10.9
Spellcasting   | 3 4 6 7 8 9 |  9.6
Dodging        | 2 3 4 5 |  5.1
Fighting       | 1 2 3 4 |  4.7
Stealth        | 3 4 |  4.0
Conjurations   | 1 2 3 4 5 7 |  7.8
Maces & Flails | 1 2 3 4 5 |  5.1
Armour         | 2 |  2.9
Transmutations | |  0.7
Evocations     | |  0.3

Action                   |  1- 3 |  4- 6 |  7- 9 | 10-12 || total
-------------------------+-------+-------+-------+-------++-------
Melee: Unarmed           |    84 |       |       |       ||    84
       Whip              |    16 |   206 |   149 |   261 ||   632
 Cast: Sandblast         |    38 |    63 |    90 |    29 ||   220
       Stone Arrow       |       |     3 |    91 |   270 ||   364
Invok: Draw Destruction  |       |       |       |     2 ||     2
       Draw Escape       |       |       |       |     1 ||     1
       Draw Summoning    |       |       |       |     1 ||     1
Evoke: Wand              |       |       |       |     7 ||     7
  Use: Scroll            |     4 |     3 |     1 |     6 ||    14
       Potion            |       |       |       |     5 ||     5
 Stab: Sleeping          |     3 |     4 |     1 |     1 ||     9
Armor: Robe              |    65 |   105 |    97 |   111 ||   378
       Leather armour    |       |       |       |    74 ||    74
Dodge: Dodged            |   108 |   167 |   133 |   415 ||   823
